AoeStats
← Comend x comend

Nomad

509815031Analyzed
3v3 RM · 3d ago on Sep 28, 2026· 29m 33s· 6 players
Game mode
Random Map
Map size
210×210
Population
200
Speed
Normal
Resources
Standard
Victory
Conquest
Starting age
Dark Age
Ending age
Imperial Age
RankedLock teamsTeams togetherTeam positionsShared explorationLock speedFull tech treeHidden civsTurbo modeCheats
Victory
Defeat
🇺🇸 Varangians · United States
1471
+14
🇵🇪 Muisca · Peru
1324
+20
🇦🇷 Mapuche · Argentina
1298
+20
🇨🇴 Mongols · Colombia
1460
-20
🇵🇪 Celts · Peru
1390
-17
🇨🇦 Dravidians · Canada
1376
-17
SometimesUnlucky
4:40 Loom
15:21 Feudal Age
17:40 Fishing Lines
19:19 Double-Bit Axe
21:11 Gold Mining
26:19 Castle Age
25:26 Stone Mining
25:18 Horse Collar
27:15 Medium Warships
28:43 Bow Saw
28:26 Fletching
MZTK | KaLiuM
6:05 Loom
12:08 Feudal Age
16:24 Castle Age
15:00 Double-Bit Axe
16:08 Horse Collar
16:54 Town Watch
17:05 Fletching
Comend x comend
11:18 Loom
13:30 Feudal Age
18:26 Castle Age
17:02 Double-Bit Axe
17:13 Horse Collar
28:41 Wheelbarrow
28:11 Stone Mining
28:13 Gold Mining
29:59 Forging
29:50 Scale Mail Armor
ShiftyShnike
4:56 Loom
13:18 Feudal Age
14:06 Double-Bit Axe
17:28 Fishing Lines
21:51 Forging
25:09 Castle Age
23:58 Gold Mining
26:44 Medium Warships
28:00 Iron Casting
27:26 Gillnets
⚡ MACE WINDU ⚡
10:35 Loom
12:54 Feudal Age
17:40 Castle Age
19:57 Fletching
24:26 Bodkin Arrow
27:04 Wheelbarrow
28:38 Hand Cart
28:31 Town Watch
INK | Medardo de Terralba
5:11 Loom
7:44 Loom
14:18 Feudal Age
18:18 Castle Age
19:48 Fletching
22:34 Bodkin Arrow
26:07 Double-Bit Axe
27:29 Horse Collar
30:20 Bow Saw
Connection lost

Rejoining the realm…

Still unreachable

The connection could not be restored.

Session expired

The server has moved on; the page needs a fresh start.